 Dungeon Crawl Stone Soup version 0.31.0-12-g77e489cdc1 (webtiles) character file.

Game seed: 1906233364328398246

85 sking99 the Magician (level 4, 0/29 HPs)
             Began as an Octopode Wanderer on Feb 29, 2024.
             Blown up by Ijyb (20 damage)
             ... with a mindburst bolt
             ... on level 3 of the Dungeon.
             The game lasted 00:03:54 (1895 turns).

sking99 the Magician (Octopode Wanderer)            Turns: 1895, Time: 00:03:54

Health: 0/29       AC:  1    Str: 16    XL:     4   Next: 48%
Magic:  10/10      EV: 12    Int: 13    God:
Gold:   120        SH:  4    Dex: 15    Spells: 10/11 levels left

rFire   . . .        a - +0 falchion
rCold   . . .        g - +0 buckler
rNeg    . . .        b - +0 hat
rPois   .            (no amulet)
rElec   .            i - +6 ring of strength
rCorr   .            (no ring)
SInv    .            (no ring)
Will    .....        (no ring)
Stlth   +++          (no ring)
HPRegen 0.24/turn    (no ring)
MPRegen 0.12/turn    (no ring)
                     (no ring)

%: no passive effects
@: no status effects
A: almost no armour, amphibious, 8 rings, camouflage 1, gelatinous body 1,
(nimble swimmer 1), tentacles
a: no special abilities


You were on level 3 of the Dungeon.
You visited 1 branch of the dungeon, and saw 3 of its levels.

You collected 120 gold pieces.

Inventory:

Hand Weapons
 a - a +0 falchion (weapon)
Armour
 b - a +0 hat (worn)
 g - a +0 buckler (worn)
Jewellery
 i - a +6 ring of strength (left tentacle)
 m - a ring of wizardry
Wands
 j - a wand of paralysis (11)
Scrolls
 c - a scroll of fear
 d - a scroll of identify {unknown}
 e - a scroll of amnesia {unknown}
 f - a scroll of vulnerability {unknown}
 h - a scroll of fog {unknown}
 k - a scroll of silence {unknown}
 n - a scroll of enchant armour {unknown}
 o - a scroll of revelation {unknown}
Potions
 l - a potion of lignification {unknown}
 p - a potion of invisibility {unknown}


   Skills:
 + Level 1.8 Fighting
 * Level 3.1 Long Blades
 - Level 1.0 Dodging
 + Level 2.7 Stealth
 + Level 1.0 Shields
 - Level 4.0 Spellcasting
 + Level 1.3 Summonings


You had 10 spell levels left.
You knew the following spells:

 Your Spells              Type           Power      Damage    Failure   Level
a - Summon Small Mammal   Summ           24%        N/A       16%         1

Your spell library contained the following spells:

 Spells                   Type           Power      Damage    Failure   Level
 Sublimation of Blood     Necr           2%         N/A       38%         2
 Inner Flame              Hex/Fire       2%         N/A       63%         3
 Ozocubu's Armour         Ice            2%         N/A       63%         3
 Swiftness                Air            2%         N/A       63%         3
 Metabolic Englaciation   Hex/Ice        1%         N/A       100%        5
 Sculpt Simulacrum        Ice/Alch       1%         N/A       100%        6


Dungeon Overview and Level Annotations

Branches:
Dungeon (3/15)

Altars:

Shops:
D:2 (   D:3 =

Annotations:
D:3 Ijyb


Innate Abilities, Weirdness & Mutations

You cannot wear most types of armour.
You are amphibious.
You can wear up to eight rings at the same time.
Your skin changes colour to match your surroundings (Stealth+).
Your rubbery body absorbs attacks. (AC +1, EV +1)
((You are camouflaged when in or above water. (Stealth+)))
You have tentacles for arms and can constrict up to eight enemies at once.


Message History

A hobgoblin is nearby!
You enter the shallow water.
The hobgoblin shouts!
You hit the hobgoblin. You grab the hobgoblin.
The hobgoblin is heavily wounded.
You constrict the hobgoblin.
The hobgoblin hits you but does no damage.
You hit the hobgoblin but do no damage.
The hobgoblin is severely wounded.
You constrict the hobgoblin, but do no damage.
The hobgoblin closely misses you.
You slash the hobgoblin!
You kill the hobgoblin!
Found a stone staircase leading up.
You open the door.
Found a robe.
There is an open door here.
You open the large door.
There is a large open door here.
p - a metallic pink potion You open the large door.
There is a large open door here.
Ijyb the Twisted Goblin comes into view.
She is wielding a +0 dagger and carrying a wand of mindburst.
Found a stone staircase leading down.
Ijyb shouts!
Ijyb closely misses you.
You hit Ijyb. You grab Ijyb. You squeeze Ijyb.
Ijyb is moderately wounded.
You constrict Ijyb, but do no damage. Ijyb hits you with a +0 dagger. x2
You hit Ijyb but do no damage.
Ijyb is moderately wounded.
You constrict Ijyb. Ijyb hits you with a +0 dagger.
You hit Ijyb but do no damage. You squeeze Ijyb!
Ijyb is severely wounded.
You constrict Ijyb. Ijyb hits you with a +0 dagger.
You hit Ijyb but do no damage. You squeeze Ijyb, but do no damage.
Ijyb is almost dead.
You constrict Ijyb, but do no damage.
Ijyb zaps a wand.
Your mind is blasted!
Ouch! That really hurt!
You die...

#.#.'......######.
#.#.'......######..
#...#......######...
#..##......######...
#..##............... #
#...##..............
#.##.####.............
+....#..##............
#.#..@g.###..........# ..
#.#.....##........# ...
...+......####''#####
.....#.#....###..........
.........................
... .......#............
.....>.............[....
......##...#'######
.#.......#.......


You could see Ijyb.

Vanquished Creatures
  A bombardier beetle (D:3)
  An adder (D:2)
  A dart slug (D:1)
  2 ribbon worms (D:2)
  4 ball pythons
  A bat (D:1)
  7 endoplasms
  A giant cockroach (D:2)
  8 hobgoblins
  2 frilled lizards (D:3)
  2 goblins (D:1)
  A kobold (D:2)
  3 rats
34 creatures vanquished.

Notes
Turn   | Place    | Note
-------+----------+-------------------------------------------
     0 | D:1      | sking99 the Octopode Wanderer began the quest for the Orb.
     0 | D:1      | sking99 set off with the following items: a +0 falchion, a
                  | +0 hat, a scroll of fear; and the following spell
                  | memorised: Summon Small Mammal; and the following spells
                  | available to memorise: Sublimation of Blood, Inner Flame,
                  | Swiftness.
     0 | D:1      | Reached XP level 1. HP: 13/13 MP: 5/5
   274 | D:1      | Reached XP level 2. HP: 16/18 MP: 7/7
   641 | D:2      | Reached XP level 3. HP: 11/23 MP: 8/8
   912 | D:2      | Reached skill level 1 in Summonings
  1267 | D:2      | Found Hawkidwi's Weapon Shop.
  1749 | D:3      | Found Vur Vyc's One-of-a-Kind Rings.
  1834 | D:3      | Reached skill level 1 in Shields
  1834 | D:3      | Reached XP level 4. HP: 29/29 MP: 10/10
  1890 | D:3      | Noticed Ijyb
  1895 | D:3      | Blown up by Ijyb

Illustrated notes

Levels and vault maps discovered:
D:1:      psy_arrival_statuary, layout_basic
D:2:      layout_loops_corners, serial_shops, nicolae_shop_bloodbath_and_beyond
D:3:      wander_river, layout_basic, serial_shops,
          nicolae_shop_just_a_little_nook, grunt_decor_arrowhead,
          kennysheep_big_empty_room, nicolae_shop_unique_rings, uniq_ijyb

Skill      XL: |  1  2  3 |
---------------+----------+-----
Stealth        | 2 |  2.7
Summonings     | 1 |  1.3
Long Blades    | 3 |  3.1
Shields        | 1 |  1.0
Fighting       | |  1.8
Dodging        | |  1.0
Spellcasting   | |  4.0

Action                     |  1- 3 |  4- 6 || total
---------------------------+-------+-------++-------
  Melee: Falchion          |    62 |     7 ||    69
         Constrict         |    15 |     2 ||    17
         Tentacles         |     9 |     3 ||    12
   Stab: Sleeping          |     8 |       ||     8
 Armour: Skin              |    19 |     5 ||    24
  Dodge: Dodged            |    22 |     2 ||    24
  Block: Buckler           |     6 |       ||     6
